 Dungeon Crawl Stone Soup version 0.17-a0-1636-g3119f2b (webtiles) character file.

354 ithil the Ducker (level 6, -3/48 HPs)
             Began as a Demonspawn Berserker on Aug 5, 2015.
             Was an Elder of Trog.
             Slain by an ogre
             ... wielding a cursed +0 giant club
              (14 damage)
             ... on level 4 of the Dungeon.
             The game lasted 00:35:20 (4465 turns).

ithil the Ducker (Demonspawn Berserker)             Turns: 4465, Time: 00:35:20

Health: -3/48      AC:  8    Str: 20    XL:     6   Next: 35%
Magic:  6/6        EV: 12    Int:  8    God:    Trog [****..]
Gold:   164        SH:  0    Dex: 12    Spells: 0 memorised, 5 levels left

rFire  + + .     SeeInvis .     y - +1 trident (flame)
rCold  . . .     Clarity  .     j - +3 ring mail {rF+}
rNeg   . . .     SustAt   .     (no shield)
rPois  .         Gourm    .     (helmet restricted)
rElec  .         Spirit   .     (no cloak)
rCorr  .         Warding  .     (no gloves)
rMut   .         Stasis   .     (no boots)
MR     .....                    (no amulet)
Stlth  ++........               (no ring)
                                r - ring of protection from fire

@: not resistant to hostile enchantments, unstealthy
A: horns 1, nightstalker 1
a: Burn Spellbooks, Berserk, Trog's Hand, Brothers in Arms, Renounce Religion


You were on level 4 of the Dungeon.
You worshipped Trog.
Trog was greatly pleased with you.
You were hungry.

You visited 1 branch of the dungeon, and saw 4 of its levels.

You collected 164 gold pieces.

Inventory:

Hand weapons
 a - a +0 falchion
 d - a +0 hand axe of flaming
 g - a +1 vampiric dagger
 h - a +0 lajatang
 m - a +0 dagger
 n - a +0 dagger of venom
 y - a +1 trident of flaming (weapon)
Missiles
 e - 104 stones
 f - 37 poisoned needles (quivered)
 i - 22 bolts
Armour
 j - a +3 ring mail of fire resistance (worn)
 k - a +0 leather armour
 z - a +0 chain mail
Jewellery
 r - a ring of protection from fire (left hand)
Magical devices
 u - a wand of flame (31)
Scrolls
 b - a scroll of immolation {unknown}
 t - a scroll of random uselessness {unknown}
 v - a scroll of remove curse
Potions
 s - a potion of brilliance {unknown}
 w - a potion of curing
Comestibles
 c - 2 bread rations


   Skills:
 + Level 3.7 Fighting
 + Level 3.7 Long Blades
 + Level 0.3 Throwing
 + Level 3.3 Armour
 + Level 3.9 Dodging
 + Level 1.3 Stealth


You had 5 spell levels left.
You didn't know any spells.

Dungeon Overview and Level Annotations

Branches:
Dungeon (4/15)
 Temple: D:4-7

Altars:
Fedhas
Gozag
Qazlal
Trog
Yredelemnul
The Shining One

Shops:
D:3 *


Innate Abilities, Weirdness & Mutations

You have a pair of small horns on your head.
You are slightly more attuned to the shadows.


Message History

The ogre shouts!
The ogre closely misses you.
Tossing away (i - inventory. (,) - cycle):
f - 39 poisoned needles (quivered)
Press: ? - help, Shift-Dir - straight line, f/p - ogre
Aim: an ogre, wielding a giant club You toss away a poisoned needle.
The poisoned needle hits the ogre!
The ogre hits you with a giant club!!
Tossing away (i - inventory. (,) - cycle):
f - 38 poisoned needles (quivered)
Press: ? - help, Shift-Dir - straight line, f/p - ogre
Aim: an ogre, wielding a giant club You toss away a poisoned needle.
The poisoned needle hits the ogre!
The ogre closely misses you. The ogre hits you with a giant club!
* * * LOW HITPOINT WARNING * * *
You barely miss the ogre. You headbutt the ogre.
The ogre is lightly wounded.
The ogre hits you but does no damage.
You barely miss the ogre.
The ogre is lightly wounded.
The ogre hits you with a giant club!
You die...

#####
##################...##
#....O@................
#.....#########....#...##
##....... #..P♣.....#
...(.....# #..♣♣.....##
.#..(.....# ##...♣......
. #........# #..♣P...#..
#........######.....#.#.#
...............>
######....##.#.#


You could see an ogre.

Vanquished Creatures
  An orc wizard (D:4)
  A centaur skeleton (D:4)
  An orc priest (D:4)
  Jessica (D:2)
  Natasha (D:3)
  A worker ant (D:4)
  Robin (D:2)
  5 adders
  4 gnolls (D:3)
  3 giant geckos (D:1)
  12 orcs
  A ball python (D:1)
  12 bats
  3 giant cockroaches
  13 goblins
  9 hobgoblins
  2 quokkas (D:3)
  3 giant newts
  10 jackals
  6 kobolds
  6 rats
  A plant (D:3)
97 creatures vanquished.

Notes
Turn   | Place    | Note
--------------------------------------------------------------
     0 | D:1      | ithil the Demonspawn Berserker began the quest for the Orb.
     0 | D:1      | Reached XP level 1. HP: 18/18 MP: 1/1
   203 | D:1      | Gained mutation: You have a pair of small horns on your head. [demonic ancestry]
   203 | D:1      | Reached XP level 2. HP: 20/24 MP: 2/2
   603 | D:1      | Acquired Trog's second power
   781 | D:1      | Reached XP level 3. HP: 29/29 MP: 3/3
  1328 | D:2      | Noticed Jessica
  1332 | D:2      | Killed Jessica
  1332 | D:2      | Reached skill level 1 in Stealth
  1346 | D:2      | Gained mutation: You are slightly more attuned to the shadows. [demonic ancestry]
  1346 | D:2      | Reached XP level 4. HP: 28/36 MP: 4/4
  1864 | D:2      | Noticed Robin
  1873 | D:2      | Killed Robin
  2155 | D:2      | Found a glowing golden altar of the Shining One.
  2473 | D:3      | Found Gozag's Platinum Reserve.
  2473 | D:3      | Found an opulent altar of Gozag.
  2666 | D:3      | Reached XP level 5. HP: 42/42 MP: 5/5
  3121 | D:3      | Found a basalt altar of Yredelemnul.
  3121 | D:3      | Found a bloodstained altar of Trog.
  3450 | D:3      | Found a blossoming altar of Fedhas.
  3501 | D:3      | Found a stormy altar of Qazlal.
  3524 | D:3      | Noticed Natasha
  3548 | D:3      | Killed Natasha
  4146 | D:4      | Reached XP level 6. HP: 25/48 MP: 6/6
  4164 | D:4      | HP: 2/72 [orc priest/divine providence (11)]
  4169 | D:4      | Acquired Trog's third power
  4451 | D:4      | Noticed an ogre
  4465 | D:4      | Slain by an ogre

Vault maps used:
D:1:      noname_arrival_rooms_in_the_neighbourhood, minmay_misc_feat_doors,
          corexii_leaking_fountain
D:2:      nicolae_tso_carved_into_rock, uniq_robin, uniq_jessica
D:3:      grunt_temple_overflow_forces_of_nature,
          nicolae_gozag_zags_fifth_avenue, gammafunk_temple_overflow_elements,
          uniq_natasha
D:4:      minmay_temple_entry_purple_smoke, first_bread,
          minmay_misc_feat_pillars, serial_park_tiny_2, uniq_grinder

Action                   |  1- 3 |  4- 6 || total
-------------------------+-------+-------++-------
Melee: Falchion          |   108 |   240 ||   348
       Trident           |       |     2 ||     2
Throw: Stone             |     3 |    22 ||    25
Invok: Berserk           |       |     2 ||     2
       Trog's Hand       |       |     2 ||     2
  Use: Scroll            |     5 |     7 ||    12
       Potion            |     1 |     5 ||     6
 Stab: Sleeping          |     1 |     3 ||     4
  Eat: Bread ration      |     1 |       ||     1
       Meat ration       |       |     1 ||     1
       Chunk             |       |     2 ||     2
       Royal jelly       |       |     1 ||     1
